Map: Inside and Out

Players

ИИ 1 (новичок) - Winner!

  • Race: Zerg Zerg
  • Spawn Location: 7:00

Doll

  • Race: Terran Terran
  • Spawn Location: 1:00

VOD

Have the link to the VOD?

Description

Time

  • Played on: Oct. 25, 2022, 1:26 p.m.
  • Length: 3:40
Show
View Real Time Build Order
Export as new Build Order

ИИ 1 (новичок) Zerg - Winner!

Build Orders: Hatch First 

Get SALT Encoding   

  12  0:00  Drone  
  13  0:12  Overlord  
  13  0:16  Drone  
  14  0:30  Drone  
  14  0:31  Drone  
  14  0:34  Drone  
  17  0:54  Hatchery  
  17  0:56  Extractor  
  15  0:57  Drone  
  15  1:01  Drone  
  17  1:16  Spawning Pool  
  17  1:18  Drone  
  17  1:22  Drone  
  18  1:28  Drone  
  19  1:38  Overlord  
  19  1:49  Drone  
  20  2:05  Queen  
  20  2:06  Queen, Zergling x2  
  25  2:10  Zergling x2  
  25  2:11  Drone  
  27  2:18  Metabolic Boost  
  27  2:22  Drone  
  28  2:25  Drone  
  28  2:28  Drone  
  30  2:37  Drone, Spine Crawler  
  29  2:42  Overlord  
  30  2:45  Drone  
  30  2:49  Drone  
  32  2:55  Queen  
  34  2:59  Zergling x2  
  34  3:00  Zergling x2  
  34  3:04  Zergling x2  
  35  3:10  Zergling x2  
  35  3:12  Zergling x6  
  39  3:16  Zergling x2  
  35  3:20  Zergling x2  
Show
View Real Time Build Order
Export as new Build Order

Doll Terran 

Build Orders:  

Get SALT Encoding   

  12  0:12  Supply Depot  
  12  0:14  SCV  
  13  0:36  Barracks  
  13  0:44  Barracks  
  13  0:59  Barracks  
  13  1:03  SCV  
  14  1:12  Supply Depot  
  14  1:23  Marine  
  15  1:30  Marine  
  16  1:36  Orbital Command  
  16  1:41  Marine  
  16  1:45  Marine  
  18  1:49  Marine  
  19  1:59  Marine  
  20  2:04  Marine, SCV  
  20  2:08  Marine  
  23  2:16  SCV  
  24  2:33  SCV  
  25  2:37  Command Center  
Tags
 
Matchup
ЗvТ
Spawn Locations
Cross Positions
Add a new tag
Caveats
  • Supply blocks, unpowered buildings, or Contaminate may cause inaccurate times.
  • Supply counts are checked every 10 seconds.